 Dungeon Crawl Stone Soup version 0.30-a0-859-gf88a04b62d (webtiles) character file.

Game seed: 24568356542323228

324 lunkers the Carver (level 7, -5/57 HPs)
             Began as a Meteoran Fighter on Mar 6, 2023.
             Was a Follower of Okawaru.
             Slain by a gnoll
             ... wielding a +0 halberd
              (9 damage)
             ... on level 4 of the Dungeon.
             The game lasted 00:03:32 (867 turns).

lunkers the Carver (Meteoran Fighter)                Turns: 867, Time: 00:03:32

Health: -5/57      AC: 10    Str: 17    XL:     7   Next: 6%
Magic:  7/8        EV:  9    Int: 11    God:    Okawaru [*.....]
Gold:   42         SH:  5    Dex: 15    Spells: 6/6 levels left

rFire   . . .      SeeInvis .    a - +0 long sword
rCold   . . .      Faith    .    c - +0 buckler
rNeg    . . .      Spirit   .    b - +0 scale mail
rPois   .          Reflect  .    d - +1 helmet
rElec   .          Rampage  .    (no cloak)
rCorr   .                        e - +0 pair of gloves
Will    .....                    (no boots) Stlth
                                 (no amulet)
HPRegen 0.29/turn                (no ring)
MPRegen 0.11/turn                (no ring)

@: glowing
A: sense surroundings 1, otherworldly, glowing, explore regen
a: Renounce Religion, Heroism


You were on level 4 of the Dungeon.
You worshipped Okawaru.
Okawaru was aware of your devotion.
You visited 1 branch of the dungeon, and saw 4 of its levels.

You collected 42 gold pieces.

Inventory:

Hand Weapons
 a - a +0 long sword (weapon)
Armour
 b - a +0 scale mail (worn)
 c - a +0 buckler (worn)
 d - a +1 helmet (worn)
 e - a +0 pair of gloves (worn)
Wands
 f - a wand of light (3)
 j - a wand of mindburst (11)
 l - a wand of polymorph (6)
 m - a wand of roots (12)
Scrolls
 g - 2 scrolls of identify
Potions
 h - a potion of brilliance
 i - a potion of might
 k - a potion of attraction {unknown}


   Skills:
 - Level 3.2 Fighting
 + Level 8.0 Long Blades
 - Level 3.6 Armour
 - Level 3.6 Shields


You had 6 spell levels left.
You didn't know any spells.
Your spell library contained the following spells:

 Spells                   Type           Power      Damage    Failure   Level
 Cigotuvi's Dreadful Rot  Necr/Pois/Air  0%         N/A       93%         2
 Dispel Undead            Necr           0%         3d6       100%        4
 Death Channel            Necr           Unusable   N/A       N/A         6

Dungeon Overview and Level Annotations

Branches:
Dungeon (4/15) Zot: 1504
 Temple: D:4-7

Altars:
Okawaru


Innate Abilities, Weirdness & Mutations

You passively map a small area around you.
You are easily found by Zot.
You glow in the dark.
You regain HP and MP as you explore.


Message History

You hit the giant cockroach but do no damage.
The giant cockroach bites you but does no damage.
You barely miss the giant cockroach. The gnoll closely misses you.
You block the gnoll's attack.
Aiming: Bolt of Light
Press: ? - help, Shift-Dir - straight line The bolt of light hits the giant cockroach!
You kill the giant cockroach!
Okawaru accepts your kill.
The bolt of light misses the gnoll. x2; The gnoll hits you but does no damage. x2
Unknown command.
Unknown command.
Aiming: Fastroot
Press: ? - help, Shift-Dir - straight line The roots erupt in riotous growth!
Roots grab the gnoll. x2; Roots grab the worm.
Roots grab the gnoll.
You feel like a meek peon again.
The grasping roots constrict the worm!
The grasping roots constrict the gnoll. x3
You hear a shout!
The gnoll hits you from afar with a +0 halberd.
* * * LOW HITPOINT WARNING * * *
The gnoll barely misses you.
Unknown command.
Unknown command.
You are too injured to fight recklessly!
The grasping roots constrict the worm.
The grasping roots constrict the gnoll. x3
The roots release their grip on the worm.
The roots release their grip on the gnoll. x3
The gnoll hits you from afar with a +0 halberd!
* * * LOW HITPOINT WARNING * * *
The gnoll hits you with a +0 halberd!
* * * LOW HITPOINT WARNING * * *
The gnoll barely misses you.
You see here a giant cockroach corpse.
You barely miss the gnoll.
The gnoll is severely wounded.
The gnoll hits you from afar with a +0 halberd!
* * * LOW HITPOINT WARNING * * *
The gnoll hits you with a +0 halberd!
You die...

*, * , ,...#### ,
##....... , **
........# * *
........# * *,
...$....# *,*
........## ,
.......gg### ,
.......wg@)# * *
.......g##.### *
, ........##...##
* * *
........####..###
*# ......g.#
##...## ** *##
........# ###..#
####. ,........#
##.#####....
........#
#....#..###
#########
####.>.##


You could see a worm, 3 gnolls and a hobgoblin.

Vanquished Creatures
  Sigmund (D:3)
  Ijyb (D:3)
  Terence (D:3)
  Robin (D:2)
  2 gnolls
  4 adders
  A dart slug (D:2)
  5 ball pythons
  2 bats (D:2)
  2 endoplasms
  2 giant cockroaches
  6 goblins (D:2)
  6 hobgoblins (D:2)
  2 jackals (D:2)
  3 kobolds
  2 quokkas (D:2)
  3 frilled lizards
  7 rats
51 creatures vanquished.

Notes
Turn   | Place    | Note
-------+----------+-------------------------------------------
     0 | D:1      | lunkers the Meteoran Fighter began the quest for the Orb.
     0 | D:1      | Reached XP level 1. HP: 19/19 MP: 2/2
   103 | D:1      | Reached skill level 3 in Long Blades
   103 | D:1      | Reached XP level 2. HP: 7/26 MP: 3/3
   125 | D:2      | Reached skill level 4 in Long Blades
   125 | D:2      | Reached XP level 3. HP: 27/31 MP: 4/4
   196 | D:2      | Noticed Robin
   212 | D:2      | Killed Robin
   213 | D:2      | Reached XP level 4. HP: 15/38 MP: 5/5
   223 | D:2      | Reached skill level 5 in Long Blades
   547 | D:2      | Reached XP level 5. HP: 29/45 MP: 6/6
   683 | D:3      | Found an iron altar of Okawaru.
   685 | D:3      | Noticed Ijyb
   708 | D:3      | Killed Ijyb
   709 | D:3      | Reached skill level 6 in Long Blades
   723 | D:3      | Became a worshipper of Warmaster Okawaru
   758 | D:3      | Noticed Terence
   763 | D:3      | Killed Terence
   764 | D:3      | Noticed Sigmund
   771 | D:3      | Killed Sigmund
   771 | D:3      | Reached * piety under Okawaru
   772 | D:3      | Reached skill level 8 in Long Blades
   772 | D:3      | Reached XP level 6. HP: 51/51 MP: 7/7
   772 | D:3      | Reached XP level 7. HP: 57/57 MP: 8/8
   867 | D:4      | Slain by a gnoll

Illustrated notes

Levels and vault maps discovered:
D:1:      eino_arrival_cavern_e, layout_loops_ring, serial_shops,
          nicolae_shop_advertising_works [nicolae_subvault_shop_adworks], shop,
          shop_fountains, nicolae_shop_trees
D:2:      layout_loops_ring, minmay_statues_item, uniq_robin
D:3:      layout_loops_cross, mainiacjoe_overflow_alcove_2,
          kennysheep_okawaru_gauntlet, uniq_sigmund, uniq_terence, uniq_ijyb
D:4:      layout_basic

Skill      XL: |  1  2  3  4  5 |
---------------+----------------+-----
Long Blades    | 3 4 5 8 |  8.0
Fighting       | |  3.2
Armour         | |  3.6
Shields        | |  3.6

Action                     |  1- 3 |  4- 6 |  7- 9 || total
---------------------------+-------+-------+-------++-------
  Melee: Long sword        |    52 |   109 |    13 ||   174
 Invoke: Heroism           |       |       |     1 ||     1
  Evoke: Wand              |       |       |     2 ||     2
    Use: Potion            |     1 |     1 |       ||     2
         Scroll            |       |     4 |       ||     4
 Armour: Scale mail        |    22 |    55 |    13 ||    90
  Dodge: Dodged            |    24 |    46 |    11 ||    81
  Block: Buckler           |    17 |    24 |     9 ||    50

Table legend: (Time is in decaauts)
 A = Elapsed time spent in this place.
 B = Non-inter-level travel time spent in this place.
 C = Inter-level travel time spent in this place.
 D = Time resting spent in this place.
 E = Time spent auto-exploring this place.
 F = Levels seen in this place.
 G = Mean time per level.
                   A        B        C        D        E       F      G
               +--------+--------+--------+--------+--------+-----+--------+
         Total |    894 |    894 |      0 |      0 |    425 |   4 |  223.5 |
       Dungeon |    894 |    894 |      0 |      0 |    425 |   4 |  223.5 |
               +--------+--------+--------+--------+--------+-----+--------+

Top non-repeatable levels by time:
     D:2: 538 daAuts
     D:3: 163 daAuts
     D:1: 122 daAuts
     D:4: 70 daAuts
